 Dungeon Crawl Stone Soup version 0.16-a0-1212-geefc3ab (webtiles) character file.

40 Const the Sneak (level 3, -2/25 HPs)
             Began as a Halfling Monk on Oct 12, 2014.
             Was a Follower of Dithmenos.
             Killed from afar by Sigmund (6 damage)
             ... with a puff of flame
             ... on level 2 of the Dungeon.
             The game lasted 00:09:29 (1195 turns).

Const the Sneak (Halfling Monk)                     Turns: 1195, Time: 00:09:30

Health: -2/25      AC:  7    Str: 11    XL:     3   Next: 72%
Magic:  3/3        EV: 16    Int:  9    God:    Dithmenos [*.....]
Gold:   92         SH:  0    Dex: 17    Spells: 0 memorised, 2 levels left

rFire  . . .     SeeInvis .     h - +0 short sword
rCold  + . .     Clarity  .     a - +0 robe
rNeg   . . .     SustAb   .     (no shield)
rPois  .         Gourm    .     f - +1 helmet
rElec  .         Spirit   .     (no cloak)
rCorr  .         Warding  .     (no gloves)
rMut   .         Stasis   .     o - +2 pair of boots
MR     .....                    (no amulet)
Stlth  ++++......               (no ring)
                                e - ring of protection from cold

@: about to teleport, wreathed by umbra, not resistant to hostile enchantments,
stealthy
A: mutation resistance 1
a: Renounce Religion


You were on level 2 of the Dungeon.
You worshipped Dithmenos.
Dithmenos was aware of your devotion.
You were not hungry.

You visited 1 branch of the dungeon, and saw 2 of its levels.

You collected 92 gold pieces.

Inventory:

Hand weapons
 h - a +0 short sword (weapon)
Armour
 a - a +0 robe (worn)
 f - a +1 helmet (worn)
 o - a +2 pair of boots (worn)
Magical devices
 l - a wand of random effects (22)
Comestibles
 b - a bread ration
 m - 2 beef jerkies
Scrolls
 c - a scroll of recharging {unknown}
 d - a scroll of identify
 g - 2 scrolls of random uselessness
Jewellery
 e - a ring of protection from cold (left hand)
Potions
 j - a potion of confusion {unknown}
 k - a potion of heal wounds {unknown}
 n - 2 potions of brilliance {unknown}


   Skills:
 - Level 2.7 Fighting
 - Level 0.3 Short Blades
 - Level 3.3 Dodging
 + Level 4.3 Stealth
 - Level 3.2 Unarmed Combat


You had 2 spell levels left.
You didn't know any spells.

Dungeon Overview and Level Annotations

Branches:
Dungeon (2/15)

Altars:
Dithmenos
Fedhas
Yredelemnul

Annotations:
D:2 Sigmund


Innate Abilities, Weirdness & Mutations

You are small and have problems with some larger weapons.
You are somewhat resistant to further mutation.


Message History

You hit the goblin.
You kill the goblin!
Dithmenos accepts your kill. Sigmund gestures at you while chanting.
The magic dart hits you!
Evoke which item? (* to show all) (? for menu, Esc to quit)
Zapping:
l - a wand of random effects {zapped: 4} (will waste charges)
Press: ? - help, Shift-Dir - straight line, f - Sigmund
Aim: Sigmund, wielding a scythe and wearing a robe Sigmund flickers and vanishes!
Deactivating autopickup; reactivate with Ctrl-A.
You wasted at least one charge getting the wand working.
Something barely misses you.
Read which item? (? for menu, Esc to quit)
As you read the scroll of teleportation, it crumbles to dust.
You feel strangely unstable. The puff of flame hits you!
* * * LOW HITPOINT WARNING * * *
The puff of flame hits you!
You die...

#...........###....#*
#####.######.#......#
#.#######..##.#.## *****
#.......##.......# *,,,*
#.......##.##....### *,,,*
#.......##..(.#..##. *,,,*
##.....)....#....... **+**
#......##..$....##. **,*
#.@....##.....>.### *,**
#...)..#######.## ##,*
######## #.# *.#* ###### #.#
##.#* #....### #.#### #.PP##
#......# #.#... ##PPP#
#.##.#.# ### #.#.## #....#
#.##.#.####.###...#.
#....####<##........).....#.


There were no monsters in sight!

Vanquished Creatures
  Terence (D:2)
  A ball python (D:2)
  4 bats
  2 giant cockroaches
  4 hobgoblins
  5 kobolds (D:2)
  4 giant newts (D:2)
  4 goblins
  5 rats
30 creatures vanquished.

Notes
Turn   | Place    | Note
--------------------------------------------------------------
     0 | D:1      | Const, the Halfling Monk, began the quest for the Orb.
     0 | D:1      | Reached XP level 1. HP: 15/15 MP: 1/1
   301 | D:1      | Reached XP level 2. HP: 20/20 MP: 2/2
   714 | D:2      | Noticed Terence
   722 | D:2      | Found a basalt altar of Yredelemnul.
   722 | D:2      | Found a blossoming altar of Fedhas.
   722 | D:2      | Found a shadowy altar of Dithmenos.
   726 | D:2      | Became a worshipper of Dithmenos the Shadowed
   726 | D:2      | Acquired Dithmenos' first power
   837 | D:2      | Killed Terence
   837 | D:2      | Reached skill level 4 in Stealth
   837 | D:2      | Reached XP level 3. HP: 12/25 MP: 3/3
   888 | D:2      | Noticed Sigmund
  1195 | D:2      | Killed from afar by Sigmund

Action                   || total
-------------------------++-------
Melee: Dagger            ||    38
       Short sword       ||    38
Evoke: Wand              ||     3
  Use: Scroll            ||     7
 Stab: Sleeping          ||     6
  Eat: Chunk             ||     1
